Map: Dusty Gorge

Players

save - Winner!

  • Race: Protoss Protoss
  • Spawn Location: 3:00

SoPlayNet - Winner!

  • Race: Zerg Zerg
  • League: Gold
  • Spawn Location: 5:00

OpuS

  • Race: Protoss Protoss
  • League: Platinum
  • Spawn Location: 11:00

Sketchaphone

  • Race: Zerg Zerg
  • League: Platinum
  • Spawn Location: 9:00

VOD

Have the link to the VOD?

Description

Time

  • Played on: Feb. 11, 2019, 8:21 p.m.
  • Length: 11:46
Show
View Real Time Build Order
Export as new Build Order

save Protoss - Winner!

Build Orders:  

Get SALT Encoding   

  12  0:01  Probe  
  13  0:13  Probe  
  14  0:23  Pylon  
  14  0:27  Probe  
  15  0:43  Gateway  
  16  0:57  Probe  
  16  1:05  Gateway  
  16  1:06  Pylon  
  16  1:16  Probe  
  17  1:32  Probe  
  18  1:34  Assimilator  
  18  1:37  Assimilator  
  18  1:40  Cybernetics Core  
  18  1:41  Pylon  
  18  1:44  Probe  
  19  1:58  Zealot  
  21  2:34  Nexus  
  21  2:52  Warp Gate  
  21  2:58  Pylon  
  21  3:02  Probe  
  21  3:03  Twilight Council  
  22  3:11  Sentry  
  24  3:14  Probe  
  25  3:26  Probe  
  26  3:29  Gateway  
  26  3:34  Charge  
  26  3:37  Probe  
  27  3:45  Probe  
  27  3:51  Probe  
  27  3:54  Probe  
  30  4:03  Probe  
  30  4:04  Probe  
  30  4:07  Gateway  
  32  4:13  Dark Shrine  
  32  4:26  Pylon  
  32  4:29  Assimilator  
  32  4:48  Dark Shrine  
  32  4:50  Zealot x2, Gateway  
  36  4:53  Gateway  
  36  5:00  Zealot  
  38  5:12  Zealot x3  
  44  5:15  Probe  
  44  5:16  Probe  
  46  5:23  Probe  
  46  5:24  Probe  
  48  5:32  Zealot  
  48  5:33  Sentry  
  48  5:34  Sentry  
  54  5:56  Probe  
  52  5:57  Probe  
  52  6:00  Dark Templar x3  
  60  6:05  Probe x2  
  62  6:13  Pylon  
  62  6:31  Probe  
  63  6:43  Stalker x2  
  63  6:44  Stalker  
  63  6:45  Blink  
  69  6:56  Probe  
  69  6:57  Forge  
  70  7:04  Gateway  
  70  7:11  Probe x2  
  58  7:27  Zealot  
  58  7:28  Zealot x2  
  58  7:29  Stalker x2  
  68  7:37  Robotics Facility  
  62  8:22  Zealot x3  
  62  8:23  Stalker  
  70  8:28  Pylon  
  70  8:31  Pylon x2  
  58  8:44  Zealot x2  
  58  8:45  Stalker x2  
  58  8:46  Stalker x2  
  70  8:52  Protoss Ground Weapons Level 1  
  70  8:59  Probe x2  
  71  9:07  Probe x2  
  72  9:11  Warp Prism  
  76  9:17  Probe x2  
  76  9:19  Nexus, Pylon  
  76  9:23  Zealot x3, Dark Templar  
  86  9:26  Stalker  
  86  9:29  Shadow Stride  
  88  9:46  Stalker x3  
  88  9:47  Immortal  
  88  9:50  Probe x2  
  88  9:52  Assimilator  
  100  10:21  Stalker  
  102  10:29  Photon Cannon  
  102  10:30  Photon Cannon  
  102  10:31  Photon Cannon, Observer  
  102  10:32  Photon Cannon  
  102  10:35  Probe x2  
  105  10:37  Pylon x2, Probe  
  106  10:47  Probe x2  
  106  10:49  Probe  
  109  10:52  Observer  
  110  10:59  Probe x2  
  110  11:03  Probe  
  113  11:06  Assimilator  
  113  11:10  Assimilator  
  113  11:11  Probe x2  
  113  11:15  Probe  
  116  11:21  Dark Templar x3  
  116  11:22  Dark Templar  
  116  11:23  Probe x2  
  116  11:25  Archon  
  126  11:26  Archon  
  126  11:27  Probe  
  127  11:32  Photon Cannon  
Show
View Real Time Build Order
Export as new Build Order

SoPlayNet Zerg - Winner!

Build Orders: Hatch First 

Get SALT Encoding   

  12  0:01  Drone  
  13  0:14  Overlord  
  13  0:19  Drone  
  14  0:33  Drone x2  
  16  0:36  Drone  
  17  0:47  Drone  
  18  0:58  Hatchery  
  18  1:03  Drone  
  18  1:10  Drone  
  19  1:14  Extractor  
  19  1:16  Extractor  
  17  1:20  Spawning Pool  
  17  1:23  Drone  
  18  1:32  Drone  
  18  1:41  Drone  
  19  1:51  Drone  
  20  2:07  Evolution Chamber  
  20  2:08  Queen  
  21  2:11  Queen  
  23  2:16  Evolution Chamber  
  23  2:22  Overlord  
  22  2:34  Zerg Ground Armor Level 1  
  22  2:44  Zerg Melee Weapons Level 1  
  22  3:03  Metabolic Boost  
  22  3:09  Zergling x2  
  22  3:10  Zergling x10  
  28  3:21  Overlord  
  28  3:25  Overlord  
  28  3:36  Overlord  
  28  3:44  Zergling x2  
  28  3:45  Zergling x8  
  33  3:55  Zergling x4  
  35  4:01  Zergling x6  
  35  4:02  Zergling x2  
  39  4:05  Zergling x2  
  39  4:08  Zergling x2  
  41  4:14  Zergling x4  
  43  4:21  Zergling x4  
  45  4:30  Spore Crawler  
  44  4:33  Spine Crawler  
  39  5:00  Zergling x12  
  39  5:01  Zergling x4  
  46  5:24  Overlord  
  46  5:25  Zergling x4  
  46  5:26  Zergling x2  
  49  5:33  Lair  
  29  6:20  Zergling x14  
  29  6:21  Zergling x10  
  35  6:38  Drone  
  35  6:39  Drone x5  
  32  7:09  Zergling x2  
  32  7:10  Zergling x16  
  37  7:32  Zergling x14  
  43  7:42  Zerg Melee Weapons Level 2  
  42  7:55  Zerg Ground Armor Level 2  
  36  8:27  Zergling x8  
  36  8:28  Zergling x8  
  36  8:29  Zergling x4  
  46  8:59  Drone x9  
  35  10:01  Hatchery  
  35  10:02  Infestation Pit  
  35  10:06  Zergling x12  
  39  10:23  Spine Crawler  
  39  10:26  Zergling x6  
  39  10:27  Zergling x6  
  44  10:35  Drone x2  
  44  10:42  Extractor  
  45  10:44  Extractor  
  45  10:47  Zergling x12  
  45  10:48  Zergling x2  
  51  10:56  Overseer  
  51  11:00  Drone x2  
  53  11:05  Drone x2  
  53  11:10  Drone x3  
  60  11:28  Drone x2  
  60  11:29  Drone x4  
Show
View Real Time Build Order
Export as new Build Order

OpuS Protoss 

Build Orders:  

Get SALT Encoding   

  12  0:00  Probe  
  13  0:13  Probe  
  14  0:22  Pylon  
  14  0:25  Probe  
  15  0:42  Probe  
  15  0:45  Gateway  
  16  0:50  Probe  
  17  0:58  Assimilator  
  17  1:02  Probe  
  17  1:10  Probe  
  18  1:13  Gateway  
  19  1:18  Probe  
  20  1:30  Probe  
  21  1:35  Cybernetics Core  
  21  1:38  Pylon  
  21  1:42  Probe  
  22  1:54  Probe  
  23  2:02  Assimilator  
  23  2:03  Zealot  
  23  2:04  Zealot  
  23  2:06  Warp Gate  
  27  2:10  Probe  
  28  2:18  Probe  
  29  2:53  Nexus  
  29  2:57  Twilight Council  
  28  3:01  Pylon  
  28  3:04  Gateway  
  28  3:13  Pylon  
  28  3:20  Gateway  
  28  3:28  Charge  
  28  3:29  Stalker  
  28  3:32  Stalker  
  32  3:46  Probe  
  33  4:07  Probe x2  
  35  4:19  Robotics Facility  
  35  4:21  Zealot x3  
  39  4:39  Probe x2  
  39  4:45  Zealot x3  
  47  4:47  Sentry  
  47  4:51  Probe  
  40  5:09  Zealot  
  40  5:10  Zealot x2  
  40  5:11  Probe x2  
  42  5:18  Pylon  
  40  5:25  Observer  
  40  5:28  Probe x2  
  43  5:34  Adept x2  
  47  5:36  Adept  
  47  5:42  Probe x2  
  51  5:47  Adept  
  53  5:57  Probe x2  
  53  5:59  Zealot x2  
  59  6:17  Forge  
  57  6:27  Adept x4  
  65  6:33  Probe x2  
  65  6:39  Templar Archives  
  67  6:45  Probe x2  
  69  6:57  Probe  
  70  7:06  Pylon  
  70  7:10  Protoss Ground Weapons Level 1  
  70  7:12  Gateway  
  70  7:15  Gateway  
  64  7:17  Gateway  
  64  7:19  Gateway  
  45  7:24  Zealot x2  
  45  7:25  Zealot x2  
  42  7:53  Observer  
  42  7:54  Zealot x3  
  42  7:55  Zealot  
  39  8:20  Stalker  
  39  8:21  Stalker x4  
  41  8:37  Pylon  
  41  8:46  Probe  
  42  9:02  Probe x2  
  44  9:11  High Templar x2  
  44  9:12  High Templar  
  48  9:23  Archon  
  35  9:42  Zealot x2  
  39  9:51  Observer  
  39  9:52  Zealot x2  
  44  10:01  Probe x2  
  46  10:27  Zealot x3  
  52  10:40  Probe  
  53  10:59  Stalker  
  55  11:04  Probe x2  
  57  11:19  Probe x2  
Show
View Real Time Build Order
Export as new Build Order

Sketchaphone Zerg 

Build Orders: Hatch First 

Get SALT Encoding   

  12  0:01  Drone  
  13  0:12  Overlord  
  13  0:18  Drone  
  14  0:31  Drone x2  
  14  0:34  Drone  
  17  1:02  Hatchery  
  16  1:11  Drone  
  17  1:13  Spawning Pool  
  17  1:15  Drone  
  17  1:19  Extractor  
  16  1:29  Drone  
  16  1:31  Drone  
  18  1:34  Drone  
  19  1:48  Overlord  
  19  1:57  Overlord  
  19  2:00  Queen  
  21  2:04  Zergling x2  
  22  2:14  Zergling x2  
  23  2:19  Zergling x2  
  24  2:30  Queen  
  26  2:38  Drone  
  27  2:51  Drone  
  27  2:53  Drone x3  
  27  2:54  Spore Crawler  
  27  2:57  Drone  
  30  3:04  Drone  
  31  3:05  Drone  
  31  3:08  Metabolic Boost  
  32  3:13  Drone  
  32  3:15  Evolution Chamber  
  32  3:17  Drone  
  33  3:29  Zergling x4  
  35  3:35  Spine Crawler  
  35  3:40  Hatchery  
  33  3:42  Overlord  
  33  3:47  Zergling x4  
  35  3:51  Queen, Drone  
  38  4:03  Drone x2  
  38  4:04  Queen  
  38  4:05  Drone x2  
  44  4:11  Overlord  
  44  4:12  Drone  
  44  4:13  Drone  
  46  4:20  Drone  
  46  4:21  Zerg Melee Weapons Level 1  
  46  4:22  Overlord  
  47  4:36  Drone  
  48  4:40  Zergling x6  
  48  4:45  Zergling x6  
  49  4:48  Zergling x4  
  46  4:55  Zergling x6  
  46  4:56  Hatchery  
  41  5:01  Zergling x2  
  41  5:05  Zergling x2  
  43  5:13  Baneling Nest  
  41  5:41  Queen  
  42  5:44  Zergling x14  
  39  5:53  Zergling x4  
  36  5:57  Zergling x4  
  23  6:16  Queen  
  21  6:18  Baneling x2  
  21  6:19  Baneling  
  16  6:30  Baneling  
  16  6:38  Drone  
  17  6:51  Baneling  
  17  6:58  Drone x2  
  18  7:02  Drone  
  17  7:08  Drone  
  8  7:31  Drone  
  9  7:44  Drone  
  10  7:54  Drone  
  11  8:04  Drone  
  4  8:26  Drone  
  4  8:32  Drone  
    10:38  Drone  
Tags
 
Add a new tag
Caveats
  • Supply blocks, unpowered buildings, or Contaminate may cause inaccurate times.
  • Supply counts are checked every 10 seconds.